 Dungeon Crawl Stone Soup version 0.30-a0-793-g160f7cfddd (webtiles) character file.

Game seed: 17258117456292563199

153850 themarg the Arsonist (level 17, -2/130 (144) HPs)
             Began as a Demonspawn Fire Elementalist on Feb 19, 2023.
             Was the Champion of Ashenzari.
             Shot with a bolt by Vashnia (17 damage)
             ... on level 2 of the Snake Pit.
             The game lasted 02:36:47 (36090 turns).

themarg the Arsonist (DsFE)                        Turns: 36090, Time: 02:36:48

HP:   -2/130 (144)  AC: 20    Str:  8    XL:     17   Next: 5%
MP:   0/37          EV: 15    Int: 24    God:    Ashenzari [******]
Gold: 1627          SH:  6    Dex: 15    Spells: 17/48 levels left

rFire   + . .      SeeInvis +    N - +9 lance "Wyrmbane" {slay drac, rPois rF+ rC+ AC+3, Fort, Self} (curse)
rCold   + + .      Faith    .    K - +0 buckler "Seeker of Ashenzari" {Elem, Fort} (curse)
rNeg    + . .      Spirit   +    h - +2 robe "Omen of Ashenzari" {rCorr Archmagi, Fort, Evo} (curse)
rPois   +          Reflect  .    x - +0 helmet "Thunder Perfect Mind" {Evo, Alch} (curse)
rElec   +          Harm     .    V - +2 cloak "Tethered Burden" {Comp, Self} (curse)
rCorr   +          Rampage  .    (gloves unavailable)
Will    ++...      Archmagi +    Z - +2 pair of boots of Ashenzari's Planets {Fort, Evo} (curse)
Stlth   ++         Clarity  +    E - amulet of Ashenzari's Seeker {Spirit Will+, Self, Bglg} (curse)
HPRegen 0.41/turn                u - ring of Supernal Knowledge {rN+, Bglg, Elem} (curse)
MPRegen 0.50/turn                R - ring of the Elysian Irritation {rC+, Self, Fort} (curse)

@: drained
A: claws 3, thin metallic scales 3, demonic guardian 1, magic regeneration,
black mark, bedeviling, aura of silence
a: Renounce Religion, Shatter the Chains


You were on level 2 of the Snake Pit.
You worshipped Ashenzari.
Ashenzari was exalted by your worship.
You visited 4 branches of the dungeon, and saw 24 of its levels.
You also visited: Sewer, Gauntlet and Ice Cave.

You collected 2628 gold pieces.
You spent 1001 gold pieces at shops.

Inventory:

Hand Weapons
 N - the cursed +9 lance "Wyrmbane" (weapon) {slay drac, rPois rF+ rC+ AC+3, Fort, Self}
   (You took it off Maggie on level 7 of the Dungeon)

   AC:        It affects your AC (+3).
   rF:        It protects you from fire.
   rC:        It protects you from cold.
   rPois:     It protects you from poison.
   It has a curse which improves the following skills: Fortitude: Armour and
   Shields.
   Introspection: Fighting and Spellcasting.
Missiles
 n - 50 poisoned darts (quivered)
 H - 2 silver boomerangs
 Q - 14 curare-tipped darts
 S - 12 boomerangs
 T - 9 silver javelins
 U - 10 javelins
Armour
 h - the cursed +2 robe "Omen of Ashenzari" (worn) {rCorr Archmagi, Fort, Evo}
   (You found it on level 4 of the Dungeon)

   rCorr:     It protects you from acid and corrosion.
   Archmagi:  It increases the power of your magical spells.
   It has a curse which improves the following skills: Fortitude: Armour and
   Shields.
   Evocations: Evocations.
 q - a +2 buckler of reflection
 x - the cursed +0 helmet "Thunder Perfect Mind" (worn) {Evo, Alch}
   (You found it on level 3 of the Dungeon)

   It has a curse which improves the following skills: Evocations: Evocations.
   Alchemy:   Poison Magic and Transmutations.
 K - the cursed +0 buckler "Seeker of Ashenzari" (worn) {Elem, Fort}
   (You found it on level 7 of the Dungeon)

   It has a curse which improves the following skills: Elements: Fire Magic, Ice
   Magic, Air Magic and Earth Magic.
   Fortitude: Armour and Shields.
 V - the cursed +2 cloak "Tethered Burden" (worn) {Comp, Self}
   (You bought it in a shop on level 9 of the Dungeon)

   It has a curse which improves the following skills: Companions: Summonings
   and Necromancy.
   Introspection: Fighting and Spellcasting.
 Z - the cursed +2 pair of boots of Ashenzari's Planets (worn) {Fort, Evo}
   (You found it on level 2 of the Lair of Beasts)

   It has a curse which improves the following skills: Fortitude: Armour and
   Shields.
   Evocations: Evocations.
Jewellery
 a - a ring of magical power
 f - the amulet "Gaw Dul" {RegenMP Rampage rPois rF+++ rC-}
   (You found it in a Gauntlet)

   [amulet of magic regeneration]

   It increases your rate of magic regeneration.
   rF:        It renders you almost immune to fire.
   rC:        It makes you vulnerable to cold.
   rPois:     It protects you from poison.
   Rampage:   It bestows one free step when moving towards enemies.
 o - the ring "Qovepnih" {rF+ rC+ Dex+2}
   (You found it in a Gauntlet)

   [ring of protection from cold]

   Dex:       It affects your dexterity (+2).
   rF:        It protects you from fire.
   rC:        It protects you from cold.
 u - the cursed ring of Supernal Knowledge (left claw) {rN+, Bglg, Elem}
   (You found it on level 2 of the Dungeon)

   [ring of positive energy]

   rN:        It protects you from negative energy.
   It has a curse which improves the following skills: Beguiling: Conjurations,
   Hexes and Translocations.
   Elements:  Fire Magic, Ice Magic, Air Magic and Earth Magic.
 v - a +5 ring of evasion
 E - the cursed amulet of Ashenzari's Seeker (around neck) {Spirit Will+, Self, Bglg}
   (You found it on level 12 of the Dungeon)

   [amulet of guardian spirit]

   It causes incoming damage to be divided between your reserves of health and
   magic.
   Will:      It increases your willpower.
   It has a curse which improves the following skills: Introspection: Fighting
   and Spellcasting.
   Beguiling: Conjurations, Hexes and Translocations.
 R - the cursed ring of the Elysian Irritation (right claw) {rC+, Self, Fort}
   (You found it on level 8 of the Dungeon)

   [ring of protection from cold]

   rC:        It protects you from cold.
   It has a curse which improves the following skills: Introspection: Fighting
   and Spellcasting.
   Fortitude: Armour and Shields.
 W - a +4 ring of slaying
Wands
 i - a wand of digging (4)
 B - a wand of iceblast (10)
 G - a wand of flame (82)
 M - a wand of light (10)
 O - a wand of polymorph (24)
 P - a wand of charming (32)
Scrolls
 d - 4 scrolls of silence
 m - 3 scrolls of blinking
 r - 4 scrolls of poison
 s - 2 scrolls of fear
 t - 4 scrolls of enchant weapon
 w - 4 scrolls of fog
 y - 2 scrolls of enchant armour
 A - 8 scrolls of teleportation
 D - 7 scrolls of immolation
 F - a scroll of amnesia
 L - 3 scrolls of magic mapping
 Y - 3 scrolls of butterflies
Potions
 c - 9 potions of curing
 e - a potion of flight
 g - 5 potions of mutation
 j - 3 potions of heal wounds
 k - a potion of cancellation
 l - 5 potions of brilliance
 p - 8 potions of might
 z - 4 potions of haste
 C - 5 potions of lignification
 I - 4 potions of berserk rage
 J - 2 potions of resistance
 X - 3 potions of ambrosia
Miscellaneous
 b - a tin of tremorstones (2/2)


   Skills:
 - Level 10.0(16.1) Fighting
 - Level 12.0 Polearms
 - Level 6.0 Throwing
 - Level 3.7(9.7) Armour
 - Level 7.3 Dodging
 - Level 2.0 Stealth
 - Level 3.5(9.4) Shields
 - Level 10.0(16.1) Spellcasting
 - Level 4.2(7.8) Conjurations
 + Level 5.8(8.5) Necromancy
 - Level 4.5(8.2) Translocations
 - Level 12.4(15.0) Transmutations
 - Level 14.1(18.0) Fire Magic
 - Level 5.6(10.5) Evocations


You had 17 spell levels left.
You knew the following spells:

 Your Spells              Type           Power      Damage    Failure   Level
a - Foxfire               Conj/Fire      100%       2x1d9     1%          1
b - Scorch                Fire           100%       2d10      0%          2
d - Sublimation of Blood  Necr           74%        N/A       1%          2
e - Irradiate             Conj/Tmut      42%        3d25      1%          5
f - Manifold Assault      Tloc           73%        N/A       1%          4
g - Blink                 Tloc           100%       N/A       1%          2
h - Starburst             Conj/Fire      44%        6d12      2%          6
i - Apportation           Tloc           100%       N/A       1%          1
j - Ignition              Fire           51%        3d14      14%         8

Your spell library contained the following spells:

 Spells                   Type           Power      Damage    Failure   Level
 Beastly Appendage        Tmut           100%       N/A       0%          1
 Wereblood                Tmut           95%        N/A       0%          2
 Kiss of Death            Conj/Necr      100%       2d13      1%          1
 Dazzling Flash           Conj/Hex       100%       N/A       1%          3
 Gell's Gravitas          Tloc           73%        N/A       1%          3
 Hailstorm                Conj/Ice       56%        3d12      1%          3
 Ignite Poison            Fire/Tmut/Pois 83%        N/A       1%          3
 Inner Flame              Hex/Fire       97%        N/A       1%          3
 Kindle Blastsparks       Fire/Tloc/Air  100%       2d18      1%          3
 Portal Projectile        Hex/Tloc       100%       N/A       1%          3
 Spider Form              Tmut/Pois      71%        N/A       1%          3
 Teleport Other           Tloc           73%        N/A       1%          3
 Dispel Undead            Necr           74%        3d25      1%          4
 Flame Wave               Conj/Fire      89%        2d19      1%          4
 Ice Form                 Ice/Tmut       71%        N/A       1%          4
 Iskenderun's Mystic Bla  Conj/Tloc      72%        2d15      1%          4
 Petrify                  Tmut/Erth      71%        N/A       1%          4
 Sticky Flame             Conj/Fire      89%        2d10      1%          4
 Blade Hands              Tmut           47%        N/A       1%          5
 Freeze                   Ice            100%       1d10      2%          1
 Summon Small Mammal      Summ           100%       N/A       3%          1
 Ensorcelled Hibernation  Hex/Ice        98%        N/A       4%          2
 Alistair's Intoxication  Tmut/Pois      47%        N/A       4%          5
 Anguish                  Hex/Necr       37%        N/A       5%          4
 Call Canine Familiar     Summ           31%        N/A       9%          3
 Confusing Touch          Hex            49%        N/A       9%          3
 Frozen Ramparts          Ice            66%        1d10      9%          3
 Summon Guardian Golem    Hex/Summ       48%        N/A       9%          3
 Tukima's Dance           Hex            49%        N/A       9%          3
 Dispersal                Tloc           36%        N/A       19%         6
 Summon Ice Beast         Ice/Summ       32%        N/A       28%         4
 Storm Form               Tmut/Air       35%        N/A       77%         7
 Necromutation            Tmut/Necr      42%        N/A       88%         8
 Malign Gateway           Summ/Tloc      28%        N/A       99%         7
 Borgnjor's Revivificati  Necr           37%        N/A       100%        8
 Summon Horrible Things   Summ           15%        N/A       100%        8
 Death's Door             Necr           37%        N/A       100%        9


Dungeon Overview and Level Annotations

Branches:
Dungeon (15/15)            Temple (0/1) D:7            Lair (5/5) D:10
  Swamp (0/4) Lair:2        Snake (2/4) Lair:2        Slime (0/5) Lair:5
    Orc (2/2) D:12            Elf (0/3) Orc:2        Vaults (0/5) D:14
 Depths (0/4) D:15          Sewer (visited)           IceCv (visited)
Gauntlet (visited)

Altars:
Ashenzari
Fedhas
Gozag
Hepliaklqana
Makhleb
Qazlal
Ru
Trog
Uskayaw
Vehumet
Wu Jian
Xom
Yredelemnul
Jiyva
Lugonu

Shops:
D:6 !   D:9 [   D:13 *   Orc:1 :   Orc:2 :*([   Snake:1 ::=   Snake:2 :[=

Portals:
Abyss: Lair:5
Trove: D:13 (give +4 fire dragon scales)

Annotations:
Snake:2 Vashnia


Innate Abilities, Weirdness & Mutations

You have claws for hands.
You are completely covered in thin metallic scales. (AC +4, rElec)
A weak demonic guardian rushes to your aid.
You regenerate magic rapidly.
Your melee attacks may debilitate your foes.
Your hexes are more powerful.
You are surrounded by an aura of silence.


Message History

The naga sharpshooter casts a spell.
The naga sharpshooter magically shoots a bolt.
The bolt hits you!
There is a stone staircase leading up, spattered with blood here.
Aiming: Bolt of Light
Press: ? - help, Shift-Dir - straight line, f - you
Okay, then.
The naga sharpshooter shoots a bolt.
The bolt hits you!!
Vashnia casts a spell.
Vashnia magically shoots a bolt.
The bolt hits you!! You partially resist.
You feel drained.
Aiming: Bolt of Light
Press: ? - help, Shift-Dir - straight line, f - naga sharpshooter
Aim: a naga sharpshooter, wielding a +0 arbalest (moderately wounded, 76% to hit)
The bolt of light hits the naga sharpshooter!
The naga sharpshooter is heavily wounded.
The naga sharpshooter is blinded.
The naga sharpshooter gestures wildly while chanting.
The naga sharpshooter magically shoots a bolt.
The bolt hits you!! Vashnia spits poison at you.
The splash of poison hits you but does no damage.
You resist.
The naga sharpshooter casts a spell.
The naga sharpshooter magically shoots a bolt.
The bolt hits you!
Vashnia shoots a bolt.
The bolt hits you!!
* * * LOW HITPOINT WARNING * * *
A demonic guardian appears!
You partially resist.
You feel drained.
* * * LOW HITPOINT WARNING * * *
Okay, then.
Vashnia spits poison at you. The splash of poison hits your quasit.
Vashnia shoots a bolt.
The bolt hits your quasit!!
Your quasit dies!
Your quasit disappears in a puff of smoke!
The naga sharpshooter shoots a bolt.
The bolt hits you!
* * * LOW HITPOINT WARNING * * *
There is a stone staircase leading up, spattered with blood here.
Vashnia shoots a bolt.
The bolt hits you!!
You die...

#.#[####....#.#.....######.###~
####...........................#~
...##.#.##.[..........######.#.~~
....#.#.#....)................~~~
#...#......##....##.########.~~~~
##..#.#.##[~#)..)...........~~~~~
#...#.#.#~~~~........).....~~~~~#
....#.~.~~~~~~#............~~~~##
...##~~~~~~~~~~.@)#.#####..~~~~#.
..##~~~~~~~~~~~..)..?......~~~~#8
...~~~~~~~~~~~~..[..........~~~#.
#)~~~~~~~~~~~~~.....####...##~~##
.~~~~~~~~~~~)~~...)........###~~#
.~~~~~~~~~[)~)~....N.......# #.~~
#.~~~~~~~~~~~~~#ยง....###.#.###..~
...~~~~~~~~~~~##N................
....~~~~~~~~~........###.#.###..#


You could see Vashnia and a naga sharpshooter (blind).

Vanquished Creatures
  Jorgrun (D:15)
  Kirke (D:15)
  A balrug (Gauntlet)
  A nagaraja (Snake:2)
  Aizul (Snake:2)
  Louise (D:15)
  An ironbound preserver (D:14)
  A very ugly thing (D:14)
  A minotaur (Gauntlet)
  Azrael (D:15)
  2 ettins
  Snorg (D:10)
  Fannar (D:11)
  A caustic shrike simulacrum (IceCv)
  A death knight (D:14)
  4 hydras
  A catoblepas (Lair:5)
  10 centaur warriors
  2 boulder beetles (D:14)
  The ghost of kingofthe the Nimble, a journeyman DECj of Sif Muna (D:12)
  8 anacondas
  3 naga warriors (Snake:2)
  4 death yaks
  9 two-headed ogres
  3 thrashing horrors (Lair:5)
  4 shock serpents (Snake:2)
  10 naga sharpshooters
  Urug (Lair:2)
  A tengu warrior (D:14)
  Nergalle (Lair:2)
  2 skysharks
  The ghost of patfeehan111222 the Basher, a novice MiBe of Trog (D:8)
  Amaemon (Lair:1)
  A sixfirhy (D:10)
  A death drake (shapeshifter) (Lair:5)
  7 sea snakes (Snake:2)
  6 naga ritualists
  2 large abominations (Lair:5)
  A skeletal warrior (D:14)
  A death drake (Gauntlet)
  Pikel (D:7)
  A deep troll (D:15)
  A spriggan simulacrum (IceCv)
  A lindwurm (Lair:2)
  6 deep elf pyromancers
  4 orc knights
  An obsidian statue (D:9)
  8 cyclopes
  An orc sorcerer (Orc:2)
  3 mana vipers (Snake:1)
  27 ugly things
  3 spectral centaurs (Gauntlet)
  3 manticores
  2 salamanders
  10 naga magi
  6 elephants
  3 smoke demons (Lair:5)
  27 black mambas
  3 gargoyles
  Maggie (D:7)
  15 cane toads
  4 kobold demonologists
  An unseen horror (D:10)
  An orange demon (Lair:1)
  A rime drake (shapeshifter) (D:15)
  2 minotaur zombies (Gauntlet)
  4 rime drakes
  A golden dragon simulacrum (IceCv)
  2 efreet
  An ice devil (IceCv)
  2 freezing wraiths
  An ancient zyme (Lair:5)
  12 komodo dragons
  2 tengu conjurers
  2 queen bees
  9 meliai
  A troll (D:11)
  A polar bear (Lair:5)
  12 blink frogs (Lair:5)
  13 dream sheep
  5 slime creatures
  3 shadows
  A ynoxinul (Lair:5)
  A spriggan (Lair:5)
  9 wyverns
  2 dire elephant simulacra (IceCv)
  6 fire elementals
  42 yaks
  2 hogs (D:15)
  5 wraiths
  14 basilisks
  3 steam dragons
  2 chaos spawn (Lair:5)
  13 small abominations (Lair:5)
  7 vampire mosquitoes
  22 nagas
  20 water moccasins
  An acid dragon (D:7)
  3 wargs
  2 hell hounds (D:15)
  Pargi (Sewer)
  2 black bears
  33 orc warriors
  An ice beast (D:6)
  5 wolves (Lair:2)
  3 ogres
  18 centaurs
  A lemure (D:8)
  A phantom (D:7)
  5 kobold brigands
  17 bullfrogs
  A scorpion (D:7)
  A deep troll simulacrum (IceCv)
  A necrophage (D:5)
  9 wights
  65 killer bees
  A killer bee (shapeshifter) (D:14)
  2 howler monkeys (D:8)
  6 electric eels
  5 hounds
  3 jellies
  17 orc priests
  Ijyb (D:5)
  A boggart zombie (Gauntlet)
  An iguana (D:10)
  Natasha (thrice) (D:3)
  24 orc wizards
  3 gnolls (D:2)
  6 adders
  2 shadow imps
  2 white imps
  An ufetubus (D:7)
  A worm (D:2)
  3 dart slugs
  93 orcs
  6 endoplasms
  2 giant cockroaches (D:3)
  5 goblins
  6 hobgoblins
  3 jackals (D:2)
  31 kobolds
  2 quokkas
  8 ball pythons
  9 bats
  3 frilled lizards
  10 rats
  A bush (Lair:5)
  A butterfly (Lair:5)
889 creatures vanquished.

Vanquished Creatures (collateral kills)
  A centaur warrior (D:14)
  5 foxfires
6 creatures vanquished.

Vanquished Creatures (others)
  An ugly thing (D:14)
  A human (D:15)
  A centaur (D:8)
  A killer bee (D:10)
  An orc priest (D:8)
  2 bushes (D:10)
  1332 foxfires
  24 fungi
  76 plants
1439 creatures vanquished.

Grand Total: 2334 creatures vanquished

Notes
Turn   | Place    | Note
-------+----------+-------------------------------------------
     0 | D:1      | themarg the Demonspawn Fire Elementalist began the quest
                  | for the Orb.
     0 | D:1      | Reached XP level 1. HP: 13/13 MP: 3/3
   560 | D:1      | Gained mutation: You are partially covered in thin metallic
                  | scales. (AC +2) [demonic ancestry]
   560 | D:1      | Reached XP level 2. HP: 19/19 MP: 1/5
   563 | D:1      | Learned a level 2 spell: Scorch
   786 | D:1      | Reached skill level 3 in Fire Magic
  1595 | D:2      | Found a shimmering altar of Xom.
  1720 | D:2      | Gained mutation: You have sharp fingernails. [demonic
                  | ancestry]
  1720 | D:2      | Reached XP level 3. HP: 24/24 MP: 1/6
  1889 | D:2      | Reached skill level 4 in Fire Magic
  2300 | D:2      | Reached XP level 4. HP: 30/30 MP: 7/7
  2728 | D:3      | Noticed Natasha
  2863 | D:3      | Found a broken altar of Ashenzari.
  2870 | D:3      | Became a worshipper of Ashenzari the Shackled
  2914 | D:3      | Killed Natasha
  2925 | D:3      | Found a glowing drain.
  2947 | D:3      | Gained mutation: You have very sharp fingernails. [demonic
                  | ancestry]
  2947 | D:3      | Reached XP level 5. HP: 25/35 MP: 1/8
  3027 | D:3      | Noticed Natasha
  3034 | D:3      | Killed Natasha
  3035 | D:3      | Reached skill level 5 in Fire Magic
  3035 | D:3      | Reached skill level 1 in Fighting
  3178 | Sewer    | Entered a sewer
  3242 | Sewer    | Noticed Pargi
  3267 | Sewer    | Killed Pargi
  3268 | Sewer    | Gained mutation: You regenerate magic rapidly. [demonic
                  | ancestry]
  3268 | Sewer    | Reached XP level 6. HP: 38/47 MP: 0/9
  3546 | D:3      | Noticed Natasha
  3562 | D:3      | Killed Natasha
  3827 | D:4      | Identified the +2 robe of the Shining Light {rCorr
                  | Archmagi}
  4521 | D:4      | Reached * piety under Ashenzari
  4853 | D:4      | Reached skill level 5 in Fighting
  5045 | D:5      | Entered Level 5 of the Dungeon
  5045 | D:5      | Noticed Ijyb
  5048 | D:5      | Killed Ijyb
  5049 | D:5      | Gained mutation: You have claws for hands. [demonic
                  | ancestry]
  5049 | D:5      | Reached XP level 7. HP: 52/56 MP: 3/10
  5426 | D:5      | Reached ** piety under Ashenzari
  5684 | D:6      | Gained mutation: You are mostly covered in thin metallic
                  | scales. (AC +3) [demonic ancestry]
  5684 | D:6      | Reached XP level 8. HP: 62/62 MP: 9/14
  5773 | D:6      | Found a hide-covered altar of Uskayaw.
  5782 | D:6      | Reached skill level 1 in Armour
  5952 | D:6      | Found Jivux Muwk's Distillery.
  6009 | D:6      | Found a bloodstained altar of Trog.
  6077 | D:6      | Bought a potion of resistance for 120 gold pieces
  6221 | D:6      | Reached *** piety under Ashenzari
  6249 | D:6      | Found an opulent altar of Gozag.
  6258 | D:6      | Found a sacrificial altar of Ru.
  6643 | D:7      | Reached skill level 5 in Spellcasting
  6673 | D:7      | Reached skill level 1 in Shields
  6749 | D:7      | Found a hazy altar of Hepliaklqana.
  6866 | D:7      | Found an ornate altar of the Wu Jian Council.
  6877 | D:7      | Found a staircase to the Ecumenical Temple.
  7018 | D:7      | Reached skill level 1 in Throwing
  7018 | D:7      | Reached XP level 9. HP: 68/68 MP: 8/16
  7326 | D:7      | Noticed Maggie
  7339 | D:7      | Killed Maggie
  7781 | D:8      | Found a radiant altar of Vehumet.
  7928 | D:8      | Reached **** piety under Ashenzari
  8284 | D:8      | Found a runed translucent gate.
  8284 | D:8      | Found a runed translucent gate.
  8285 | D:8      | Found a runed translucent gate.
  8285 | D:8      | Noticed patfeehan111222's ghost (novice MiBe)
  8513 | D:8      | Found a shimmering altar of Xom.
  8726 | D:8      | Noticed Pikel
  8732 | D:7      | Killed Pikel
  8733 | D:7      | Reached skill level 10 in Fighting
  8733 | D:7      | Gained mutation: Your hexes are more powerful. [demonic
                  | ancestry]
  8733 | D:7      | Reached XP level 10. HP: 85/85 MP: 6/17
  8928 | D:8      | Noticed a two-headed ogre
  8939 | D:8      | Killed a two-headed ogre
  9001 | D:8      | Found a basalt altar of Yredelemnul.
  9423 | D:9      | Noticed a two-headed ogre
  9427 | D:9      | Killed a two-headed ogre
  9790 | D:9      | Identified the +1 leather armour of Jumiash {rN+ MP+9}
 10158 | D:9      | Learned a level 4 spell: Flame Wave
 10302 | D:9      | Reached XP level 11. HP: 81/90 MP: 0/24
 10443 | D:9      | Noticed an obsidian statue
 10544 | D:9      | Found Loniddil's Antique Armour Emporium.
 10550 | D:9      | Bought a cloak for 130 gold pieces
 10738 | D:10     | Entered Level 10 of the Dungeon
 10741 | D:10     | Noticed Snorg
 11064 | D:10     | Found a stormy altar of Qazlal.
 11094 | D:10     | Reached skill level 10 in Spellcasting
 11455 | D:10     | Noticed a two-headed ogre
 11516 | D:10     | Killed a two-headed ogre
 11584 | D:10     | Killed Snorg
 11641 | D:10     | Found a runed translucent door.
 11642 | D:10     | Found a burning altar of Makhleb.
 11642 | D:10     | Noticed a sixfirhy
 11687 | D:10     | Found a staircase to the Lair.
 11720 | D:10     | Found a blossoming altar of Fedhas.
 11877 | D:11     | Reached skill level 5 in Throwing
 12045 | D:11     | Reached ***** piety under Ashenzari
 12305 | D:11     | Noticed Fannar
 12315 | D:11     | Killed Fannar
 12319 | D:11     | Reached skill level 1 in Polearms
 12863 | Lair:1   | Entered Level 1 of the Lair of Beasts
 13089 | Lair:1   | Noticed Amaemon
 13135 | Lair:1   | Reached skill level 5 in Polearms
 13135 | Lair:1   | Gained mutation: You are completely covered in thin
                  | metallic scales. (AC +4, rElec) [demonic ancestry]
 13135 | Lair:1   | Reached XP level 12. HP: 39/105 MP: 15/29
 13416 | Lair:1   | Killed Amaemon
 13868 | Lair:2   | Reached skill level 1 in Necromancy
 13886 | Lair:2   | Found a staircase to the Swamp.
 14091 | Lair:2   | Learned a level 2 spell: Sublimation of Blood
 14145 | Lair:2   | Noticed a six-headed hydra
 14152 | Lair:2   | Killed a six-headed hydra
 14345 | Lair:2   | Noticed Urug
 14594 | Lair:2   | Killed Urug
 14786 | Lair:2   | Noticed Nergalle
 14806 | Lair:2   | Killed Nergalle
 14951 | Lair:2   | Noticed a four-headed hydra
 14959 | Lair:2   | Killed a four-headed hydra
 15219 | Lair:2   | Found a staircase to the Snake Pit.
 15454 | Lair:2   | Reached skill level 10 in Polearms
 15467 | Lair:2   | Reached skill level 1 in Transmutations
 15679 | Lair:2   | Learned a level 5 spell: Irradiate
 15691 | Lair:2   | Reached XP level 13. HP: 111/111 MP: 25/30
 15863 | Lair:2   | Identified the +0 helmet of Truth {Harm Rampage MP+9 Str-5}
 16084 | Lair:2   | Reached ****** piety under Ashenzari
 16673 | Lair:3   | Reached skill level 5 in Evocations
 17000 | Lair:3   | Reached skill level 5 in Dodging
 18249 | Lair:5   | Entered Level 5 of the Lair of Beasts
 19250 | Lair:5   | Found a viscous altar of Jiyva.
 19250 | Lair:5   | Found a staircase to the Slime Pits.
 19529 | Lair:5   | Gained mutation: Your melee attacks may debilitate your
                  | foes. [demonic ancestry]
 19529 | Lair:5   | Reached XP level 14. HP: 109/123 MP: 9/33
 20615 | Lair:5   | Reached skill level 6 in Fire Magic
 20939 | Lair:5   | Found a viscous altar of Jiyva.
 20941 | Lair:5   | Found a staircase to the Slime Pits.
 21317 | Lair:5   | Reached skill level 7 in Fire Magic
 21528 | Lair:5   | Found a one-way gate to the infinite horrors of the Abyss.
 21529 | Lair:5   | Found a corrupted altar of Lugonu.
 22094 | Lair:5   | Reached skill level 8 in Fire Magic
 22736 | D:8      | Killed patfeehan111222's ghost
 23009 | D:11     | Reached skill level 1 in Translocations
 23212 | D:11     | Learned a level 4 spell: Manifold Assault
 23385 | D:11     | Learned a level 2 spell: Blink
 23538 | D:12     | Found a staircase to the Orcish Mines.
 23723 | D:12     | Learned a level 6 spell: Starburst
 23767 | D:12     | Found a transporter.
 23768 | D:12     | Noticed kingofthe's ghost (journeyman DECj)
 23769 | D:12     | Identified the amulet "Nuqirom" {Spirit Will+}
 23775 | D:12     | Identified the +9 giant club "Uciaber" {flame, Drain rF+
                  | rN++ Int+3}
 23776 | D:12     | Found a transporter.
 24052 | Orc:1    | Entered Level 1 of the Orcish Mines
 24052 | Orc:1    | Found Buzoxzif's Book Boutique.
 24203 | Orc:1    | Reached skill level 9 in Fire Magic
 24857 | Orc:2    | Entered Level 2 of the Orcish Mines
 25037 | Orc:2    | Found a staircase to the Elven Halls.
 26008 | Orc:2    | Found Dusozeir's General Store.
 26008 | Orc:2    | Found Osut's Antique Weapon Boutique.
 26010 | Orc:2    | Found Jaraw's Armour Shop.
 26012 | Orc:2    | Found Dywn's Book Emporium.
 26092 | Orc:2    | Bought a potion of heal wounds for 80 gold pieces
 26092 | Orc:2    | Bought a potion of might for 64 gold pieces
 26168 | D:12     | Reached skill level 10 in Fire Magic
 26186 | D:12     | Killed kingofthe's ghost
 26187 | D:12     | Gained mutation: A weak demonic guardian rushes to your
                  | aid. [demonic ancestry]
 26187 | D:12     | Reached XP level 15. HP: 105/129 MP: 4/34
 27287 | D:13     | Found a portal to a secret trove of treasure.
 27562 | D:13     | Reached skill level 11 in Fire Magic
 27715 | D:13     | Found Douk Dil's Assorted Antiques.
 27740 | D:13     | Bought a scroll of teleportation for 81 gold pieces
 27740 | D:13     | Bought a wand of charming (5) for 324 gold pieces
 27740 | D:13     | Bought a pair of runed boots for 202 gold pieces
 28097 | D:14     | Reached skill level 5 in Transmutations
 28182 | D:14     | Found a frozen archway.
 28426 | IceCv    | Entered an ice cave
 29583 | D:14     | Reached skill level 12 in Fire Magic
 30236 | D:14     | Found a gate to the Vaults.
 30331 | D:14     | Learned a level 1 spell: Apportation
 30366 | D:15     | Entered Level 15 of the Dungeon
 30391 | D:15     | Found a gate leading to a gauntlet.
 30391 | D:15     | Identified the +0 dagger of Sulomont {spect, rC+ rN+ Dex+3
                  | SInv}
 30403 | Gauntlet | Entered a Gauntlet
 30403 | Gauntlet | Found a transporter.
 30412 | Gauntlet | Found a transporter.
 30428 | Gauntlet | Found a transporter.
 30432 | Gauntlet | Found a transporter.
 30434 | Gauntlet | Found a large runed translucent door.
 30435 | Gauntlet | Found a large runed translucent door.
 30436 | Gauntlet | Found a large runed translucent door.
 30436 | Gauntlet | Found a large runed translucent door.
 30436 | Gauntlet | Found a runed translucent door.
 30437 | Gauntlet | Found a large runed translucent door.
 30438 | Gauntlet | Found a large runed translucent door.
 30439 | Gauntlet | Found a large runed translucent door.
 30439 | Gauntlet | Found a large runed translucent door.
 30440 | Gauntlet | Found a runed translucent gate.
 30442 | Gauntlet | Identified the +2 cloak of Faqale Naorr {Harm Slay+3}
 30448 | Gauntlet | Found a transporter.
 30448 | Gauntlet | Found a runed translucent gate.
 30449 | Gauntlet | Found a runed translucent gate.
 30449 | Gauntlet | Found a runed translucent door.
 30451 | Gauntlet | Found a large runed translucent door.
 30451 | Gauntlet | Found a large runed translucent door.
 30452 | Gauntlet | Found a large runed translucent door.
 30453 | Gauntlet | Found a large runed translucent door.
 30462 | Gauntlet | Found a transporter.
 30462 | Gauntlet | Identified the ring "Qovepnih" {rF+ rC+ Dex+2}
 30463 | Gauntlet | Found a large runed translucent door.
 30463 | Gauntlet | Found a large runed translucent door.
 30464 | Gauntlet | Found a large runed translucent door.
 30465 | Gauntlet | Found a large runed translucent door.
 30467 | Gauntlet | Found a transporter.
 30470 | Gauntlet | Found a transporter.
 30470 | Gauntlet | Identified the amulet "Gaw Dul" {RegenMP Rampage rPois
                  | rF+++ rC-}
 30471 | Gauntlet | Identified the ring "Ceist" {rC++ MP+9}
 30493 | Gauntlet | Found a transporter.
 30500 | Gauntlet | Found a transporter.
 30501 | Gauntlet | Found a transporter.
 30509 | Gauntlet | Found a transporter.
 30524 | Gauntlet | Found a runed translucent door.
 30539 | Gauntlet | Identified the amulet "Syshrinte" {Spirit rF+}
 30669 | Gauntlet | Reached skill level 13 in Fire Magic
 30704 | Gauntlet | Identified the +0 robe of Lucidity {-Cast Harm rN+ Regen+}
 30962 | D:15     | Noticed Kirke
 30978 | D:15     | Killed Kirke
 30979 | D:15     | Reached XP level 16. HP: 130/138 MP: 3/36
 31098 | D:15     | Noticed Azrael
 31113 | D:15     | Killed Azrael
 31557 | D:15     | Noticed Louise
 31722 | D:15     | Noticed Jorgrun
 31752 | D:15     | Killed Jorgrun
 31753 | D:15     | Reached skill level 14 in Fire Magic
 31829 | D:15     | Killed Louise
 31994 | D:15     | Found a staircase to the Depths.
 32175 | D:15     | Learned a level 8 spell: Ignition
 32559 | Snake:1  | Entered Level 1 of the Snake Pit
 33700 | Snake:1  | Reached skill level 10 in Transmutations
 33961 | Snake:1  | Found Wiosap's Book Shoppe.
 33962 | Snake:1  | Found Vaepn's Jewellery Shop.
 33963 | Snake:1  | Found Yshyo's Book Shoppe.
 35222 | Snake:2  | Found Useshrep's Book Emporium.
 35226 | Snake:2  | Found Sehod's Armour Shoppe.
 35227 | Snake:2  | Found Wary's Jewellery Emporium.
 35505 | Snake:2  | Reached skill level 5 in Necromancy
 35505 | Snake:2  | Gained mutation: You are surrounded by an aura of silence.
                  | [demonic ancestry]
 35505 | Snake:2  | Reached XP level 17. HP: 114/144 MP: 18/37
 35661 | Snake:2  | Noticed Aizul
 35674 | Snake:2  | Killed Aizul
 35818 | Snake:2  | Noticed Vashnia
 36090 | Snake:2  | Shot with a bolt by Vashnia

Illustrated notes

Levels and vault maps discovered:
D:1:      shiori_shiawase, layout_basic
D:2:      cheibrodos_pilgrimage, layout_loops_ring, basic_altar, serial_bayou,
          serial_bayou_pond_b, serial_bayou_lagoon_b, serial_bayou_pond_a,
          serial_bayou_ford_a
D:3:      layout_loops_cross, ashenzari_altar_1, portal_sewer_entry_a,
          uniq_natasha
D:4:      layout_loops_corners
D:5:      layout_basic, uniq_ijyb
D:6:      layout_basic, mainiacjoe_overflow_swirl, nicolae_uskayaw_dance_studio,
          trog_three_pillars_becter, mainiacjoe_overflow_catwalk, serial_shops,
          nicolae_shop_crystal
D:7:      layout_basic, lemuel_round_altar, mainiacjoe_overflow_tiny_flanked,
          minmay_temple_entry_statues_fountains, uniq_maggie
D:8:      layout_basic, lemuel_round_altar, xom_confusion_cloud,
          lemuel_doored_altar, biasface_ghost_orc_armoury, uniq_pikel
D:9:      layout_loops_ring, serial_aquarium, aquarium_bridge_straight
          [aquarium_subvault_bridge, aquarium_subvault_wall,
          aquarium_subvault_bridge, aquarium_subvault_window],
          aquarium_window_1, aquarium_window_1, aquarium_window_fake,
          aquarium_view_2c, aquarium_balcony_5b, aquarium_pool_2, serial_shops,
          nicolae_square_shop, minivault_15
D:10:     layout_cross, mainiacjoe_overflow_surrounded_room,
          nzn_makhleb_speed_demon, fedhas_bush_and_centaur_altar,
          lair_entry_dummy, minmay_lizard_king, uniq_snorg
D:11:     layout_basic, uniq_fannar
D:12:     layout_rooms, orc_0_dummy, gammafunk_ghost_smash, minivault_7
D:13:     layout_small_grid, nicolae_trove_entry_diagonal, serial_shops,
          nicolae_stop_n_shop_1
D:14:     layout_roguey, skrybe_vaults_entry_preservation, serial_bayou_pond_d,
          portal_ice_cave_entry_ugly_swarm, kb_rosetta
D:15:     hangedman_depths_entry_civil_slaughter, layout_small_grid,
          gauntlet_entry_generic, uniq_kirke, uniq_azrael, uniq_louise,
          uniq_jorgrun
Lair:1:   layout_hall_layers, uniq_amaemon
Lair:2:   regret_index_combs_of_tragedy, layout_regular_city, swamp_mist_pool,
          guppyfry_snake_entry_island, lemuel_fruit_tree, serial_bayou_shore_a,
          uniq_urug, uniq_nergalle
Lair:3:   layout_hall_layers
Lair:4:   layout_regular_city, serial_rivers, chequers_serial_rivers_large_b,
          chequers_serial_rivers_room_a, chequers_serial_rivers_micro_c,
          chequers_serial_rivers_micro_a, chequers_serial_rivers_marsh
Lair:5:   hellmonk_lair_end_abyssal_woods, layout_gridlike, slime_entry_1,
          grunt_megastairs_3, lemuel_fruit_fields
Snake:1:  layout_cave_shapes, grunt_megastairs_2, minmay_shop_grove
Snake:2:  layout_basic, nicolae_snake_single_loop, minmay_shop_star,
          grunt_megastairs_1, uniq_aizul, uniq_vashnia
Orc:1:    layout_caves, serial_shops, nicolae_shop_crystal, minmay_orc_keep
Orc:2:    st_orc_rangers, layout_diamond_mine, mines2_david

Skill      XL: |  1  2  3  4  5  6  7  8  9 10 11 12 13 14 15 16 |
---------------+-------------------------------------------------+-----
Stealth        | 2 |  2.0
Fire Magic     | 3 4 5 10 13 14 | 14.1
Fighting       | 3 5 10 | 10.0
Conjurations   | 2 4 |  4.2
Spellcasting   | 4 5 9 10 | 10.0
Dodging        | 4 7 |  7.3
Armour         | 3 |  3.7
Shields        | 3 |  3.5
Throwing       | 1 2 6 |  6.0
Evocations     | 2 5 |  5.6
Polearms       | 5 10 11 12 | 12.0
Necromancy     | 4 5 |  5.8
Transmutations | 1 4 7 12 | 12.4
Translocations | 4 |  4.5

Action                     |  1- 3 |  4- 6 |  7- 9 | 10-12 | 13-15 | 16-18 || total
---------------------------+-------+-------+-------+-------+-------+-------++-------
  Melee: Unarmed           |     8 |       |       |       |       |       ||     8
         Short sword       |       |    22 |       |       |       |       ||    22
         Dagger            |       |       |     7 |    20 |       |       ||    27
         Lance             |       |       |       |       |   643 |   308 ||   951
   Fire: Sling             |    26 |    12 |       |       |       |       ||    38
  Throw: Dart              |       |       |       |       |     6 |       ||     6
   Cast: Foxfire           |    39 |     9 |   107 |   194 |   430 |       ||   779
         Scorch            |    13 |    76 |   126 |   233 |   312 |       ||   760
         Flame Wave        |       |       |       |    37 |    74 |       ||   111
         Manifold Assault  |       |       |       |       |   137 |    37 ||   174
         Starburst         |       |       |       |       |    79 |    35 ||   114
         Sublimation of Bl |       |       |       |       |    19 |    13 ||    32
         Irradiate         |       |       |       |       |    17 |    42 ||    59
         Blink             |       |       |       |       |     5 |     1 ||     6
         Ignition          |       |       |       |       |       |    30 ||    30
 Invoke: Curse Item        |       |     2 |     4 |     2 |     3 |       ||    11
         Shatter the Chain |       |       |       |       |     2 |       ||     2
  Evoke: Wand              |       |       |       |     7 |     3 |     2 ||    12
         Tin of tremorston |       |       |       |       |       |     1 ||     1
    Use: Potion            |       |     1 |       |     1 |     2 |     1 ||     5
         Scroll            |       |     2 |       |     5 |     5 |     1 ||    13
   Stab: Distracted        |       |       |       |       |     2 |       ||     2
         Sleeping          |       |       |       |       |     1 |     1 ||     2
         Invisible         |       |       |       |       |     1 |       ||     1
 Armour: Robe              |     5 |    38 |    15 |    90 |   277 |    85 ||   510
  Dodge: Dodged            |    17 |    94 |    50 |   163 |   472 |   133 ||   929
  Block: Buckler           |       |       |    16 |    57 |   187 |    77 ||   337

Table legend: (Time is in decaauts)
 A = Elapsed time spent in this place.
 B = Non-inter-level travel time spent in this place.
 C = Inter-level travel time spent in this place.
 D = Time resting spent in this place.
 E = Time spent auto-exploring this place.
 F = Levels seen in this place.
 G = Mean time per level.
                   A        B        C        D        E       F      G
               +--------+--------+--------+--------+--------+-----+--------+
         Total |  35973 |  33926 |   2047 |   9280 |  17671 |  27 | 1332.3 |
       Dungeon |  19283 |  17961 |   1322 |   3881 |  10584 |  15 | 1285.5 |
          Lair |  10570 |   9997 |    573 |   3660 |   4466 |   5 | 2114.0 |
     Snake Pit |   2984 |   2943 |     41 |    704 |   1664 |   2 | 1492.0 |
  Orcish Mines |   2029 |   1921 |    108 |    480 |    764 |   2 | 1014.5 |
         Sewer |    166 |    166 |      0 |     49 |     64 |   1 |  166.0 |
      Ice Cave |    541 |    541 |      0 |    423 |      0 |   1 |  541.0 |
      Gauntlet |    398 |    398 |      0 |     83 |    128 |   1 |  398.0 |
               +--------+--------+--------+--------+--------+-----+--------+

Top non-repeatable levels by time:
  Lair:2: 3045 daAuts
  Lair:5: 2850 daAuts
  Lair:4: 2461 daAuts
    D:14: 2186 daAuts
     D:9: 1987 daAuts
     D:8: 1781 daAuts
     D:2: 1680 daAuts
 Snake:1: 1523 daAuts
    D:11: 1490 daAuts
 Snake:2: 1460 daAuts
     D:7: 1347 daAuts
     D:1: 1293 daAuts
  Lair:1: 1278 daAuts
     D:4: 1257 daAuts
    D:13: 1130 daAuts
